 Dungeon Crawl Stone Soup version 0.30-a0-627-gc11e7ae810 (webtiles) character file.

Game seed: 11483848575092890706

2024 BaabKaare the Ruffian (level 9, -3/68 HPs)
             Began as a Red Draconian Transmuter on Jan 12, 2023.
             Was a Priest of Wu Jian.
             Slain by a killer bee (5 damage)
             ... on level 8 of the Dungeon.
             The game lasted 00:21:49 (6268 turns).

BaabKaare the Ruffian (Red Draconian Transmuter)    Turns: 6268, Time: 00:21:49

Health: -3/68      AC:  6    Str: 22    XL:     9   Next: 3%
Magic:  12/16      EV: 21    Int: 14    God:    Wu Jian [***...]
Gold:   520        SH:  0    Dex: 17    Spells: 4/18 levels left

rFire   . . .      SeeInvis .      - Unarmed
rCold   . . .      Faith    .    (shield currently unavailable)
rNeg    . . .      Spirit   .    (body armour unavailable)
rPois   x          Reflect  .    (helmet currently unavailable)
rElec   .          Harm     .    (cloak currently unavailable)
rCorr   .          Rampage  .    (gloves currently unavailable)
Will    .....                    (boots currently unavailable)
Stlth   ++                       (no amulet)
HPRegen 0.31/turn                m - +6 ring of strength
MPRegen 0.15/turn                g - +4 ring of protection

@: lethally poisoned (-3 -> -18), spider-form (expiring), wereblooded
A: venomous fangs, (breathe fire), AC +7, tiny, unfitting armour, (fire
resistance 1), (cold-blooded)
a: End Transformation, Renounce Religion, Wall Jump, Serpent's Lash


You were on level 8 of the Dungeon.
You worshipped Wu Jian.
Wu Jian was most pleased with you.
You were a venomous arachnid creature.
You visited 1 branch of the dungeon, and saw 9 of its levels.
You also visited: Ossuary.

You collected 520 gold pieces.

Inventory:

Armour
 b - a +0 buckler (melded)
 r - a +0 pair of boots (melded)
 D - an orb of energy
Magical Staves
 k - a staff of air
 y - a staff of cold
Jewellery
 g - a +4 ring of protection (right front pincers)
 m - a +6 ring of strength (left front pincers)
 u - a ring of flight
 E - a ring of poison resistance
Wands
 x - a wand of paralysis (5)
 A - a wand of polymorph (5)
Scrolls
 d - a scroll of identify
 e - 2 scrolls of poison {unknown}
 h - a scroll of acquirement {unknown}
 i - 6 scrolls of teleportation {unknown}
 j - a scroll of enchant weapon {unknown}
 v - a scroll of fog {unknown}
 B - 2 scrolls of immolation {unknown}
 C - 2 scrolls of fear {unknown}
 F - a scroll of torment {unknown}
Potions
 a - 4 potions of lignification
 c - 6 potions of curing
 f - 4 potions of attraction
 l - 6 potions of brilliance
 n - 3 potions of flight
 o - 3 potions of might
 p - a potion of resistance
 q - 4 potions of haste
 t - a potion of invisibility {unknown}
 w - a potion of berserk rage {unknown}
 z - a potion of magic {unknown}


   Skills:
 + Level 2.5 Fighting
 + Level 3.8 Dodging
 + Level 2.4 Stealth
 + Level 2.1 Shields
 + Level 7.7 Unarmed Combat
 + Level 5.2 Spellcasting
 + Level 5.4 Transmutations


You had 4 spell levels left.
You knew the following spells:

 Your Spells              Type           Power      Damage    Failure   Level
a - Beastly Appendage     Tmut           36%        N/A       8%          1
b - Wereblood             Tmut           18%        N/A       10%         2
c - Spider Form           Tmut/Pois      11%        N/A       36%         3
d - Ozocubu's Armour      Ice            3%         N/A       67%         3
e - Blade Hands           Tmut           9%         N/A       67%         5

Your spell library contained the following spells:

 Spells                   Type           Power      Damage    Failure   Level
 Freeze                   Ice            12%        1d3       36%         1
 Kiss of Death            Conj/Necr      12%        2d6       36%         1
 Shock                    Conj/Air       12%        1d3       36%         1
 Call Canine Familiar     Summ           3%         N/A       67%         3
 Confusing Touch          Hex            3%         N/A       67%         3
 Dazzling Flash           Conj/Hex       6%         N/A       67%         3
 Frozen Ramparts          Ice            6%         1d1       67%         3
 Hailstorm                Conj/Ice       3%         3d3       67%         3
 Portal Projectile        Hex/Tloc       6%         N/A       67%         3
 Swiftness                Air            3%         N/A       67%         3
 Tukima's Dance           Hex            3%         N/A       67%         3
 Ice Form                 Ice/Tmut       11%        N/A       71%         4
 Airstrike                Air            1%         2d(1-17)  95%         4
 Dispel Undead            Necr           3%         3d7       95%         4
 Leda's Liquefaction      Hex/Erth       1%         N/A       95%         4
 Agony                    Necr           3%         N/A       100%        5
 Silence                  Hex/Air        1%         N/A       100%        5
 Ozocubu's Refrigeration  Ice            1%         4d7       100%        7


Dungeon Overview and Level Annotations

Branches:
Dungeon (9/15)             Temple (0/1) D:7         Ossuary (visited)
   Lair: D:8-11         Orc: D:9-12

Altars:
Wu Jian

Shops:
D:5 *(


Innate Abilities, Weirdness & Mutations

You are a venomous arachnid creature.
You have venomous fangs.
You are tiny and dextrous.
Your spellcasting is less reliable in this form.
Your armour is entirely melded.
You are incapable of wielding weapons or throwing items.
((You can breathe blasts of fire.))
((Your fiery red scales are hard. (AC +7)))
You cannot fit into any form of body armour.
((Your flesh is heat resistant. (rF+)))
((You are cold-blooded and may be slowed by cold attacks.))


Message History

The orc priest casts a cantrip, but nothing happens.
The killer bee closely misses you.
The killer bee stings you but does no damage.
The killer bee barely misses you. x2
You barely miss the killer bee.
Your transformation is almost over.
The killer bee closely misses you. x2; The killer bee stings you.
* * * LOW HITPOINT WARNING * * *
You are lethally poisoned!
The killer bee poisons you! The killer bee stings you.
* * * LOW HITPOINT WARNING * * *
The orc priest closely misses you.
The orc priest looks satisfied for a moment.
You feel better. The killer bee completely misses you.
The killer bee stings you.
* * * LOW HITPOINT WARNING * * *
You are lethally poisoned!
The killer bee poisons you! The killer bee completely misses you.
The killer bee misses you. The killer bee barely misses you.
The killer bee completely misses you. x2; The killer bee closely misses you.
The orc priest casts a cantrip, but nothing happens.
You feel better. The killer bee misses you. The killer bee barely misses you.
The killer bee stings you.
* * * LOW HITPOINT WARNING * * *
The killer bee closely misses you.
The killer bee stings you but does no damage.
The killer bee stings you.
* * * LOW HITPOINT WARNING * * *
The killer bee misses you. The killer bee stings you.
* * * LOW HITPOINT WARNING * * *
You are lethally poisoned!
The killer bee poisons you! The orc priest closely misses you.
You hit the killer bee.
The killer bee is poisoned.
The killer bee is lightly wounded.
You hiss as the wereblood boils in your veins!
* * * LOW HITPOINT WARNING * * *
You feel very sick.
The killer bee barely misses you. x2; The killer bee completely misses you.
The killer bee stings you.
You die...

#....##...##.........####....
#..#.#.........##....# .....
#####....#......##.... #.
#.................# #.
#..........### ##......##
##.....# .##
###..o#######.....
#.oysyo.........
#.5yy#.......#..
#..oo.#..##..# #...####.#
...# ##... .... ... #....
.$... .. ...........# .
#............


You could see a lemure, 4 killer bees, 3 orc priests and 2 orcs.

Vanquished Creatures
  A steam dragon (D:8)
  An acid dragon (D:8)
  2 orc warriors (D:8)
  An ice beast (D:6)
  A black bear (D:5)
  2 centaurs
  A phantom (D:6)
  An elf zombie (Ossuary)
  2 bullfrogs (D:8)
  A kobold brigand (D:8)
  A scorpion (D:5)
  4 wights (D:7)
  2 killer bees (D:8)
  A centaur zombie (Ossuary)
  A hound (D:6)
  A jelly (D:5)
  A human zombie (Ossuary)
  3 orc priests
  An iguana (D:4)
  An orc wizard (D:4)
  2 mummies (Ossuary)
  9 gnolls
  8 adders
  A white imp (D:4)
  An ufetubus (D:5)
  2 adder zombies (Ossuary)
  A worm (D:3)
  A dart slug (D:2)
  15 orcs
  7 bats
  7 endoplasms
  3 giant cockroaches
  7 hobgoblins
  5 quokkas
  10 ball pythons
  4 frilled lizards
  6 goblins
  2 goblin zombies (Ossuary)
  14 hobgoblin zombies (Ossuary)
  3 jackal zombies (Ossuary)
  9 kobolds
  8 kobold zombies (Ossuary)
  4 orc zombies (Ossuary)
  5 rats
163 creatures vanquished.

Vanquished Creatures (others)
  A plant (D:1)
1 creature vanquished.

Grand Total: 164 creatures vanquished

Notes
Turn   | Place    | Note
-------+----------+-------------------------------------------
     0 | D:1      | BaabKaare the Draconian Transmuter began the quest for the
                  | Orb.
     0 | D:1      | Reached XP level 1. HP: 16/16 MP: 3/3
   134 | D:1      | Reached XP level 2. HP: 14/23 MP: 3/5
   180 | D:1      | Learned a level 2 spell: Wereblood
   638 | D:1      | You fall into a shaft and drop 1 floor!
  1063 | D:2      | Reached XP level 3. HP: 28/28 MP: 4/6
  1488 | D:2      | Reached skill level 4 in Unarmed Combat
  2050 | D:3      | Found an ornate altar of the Wu Jian Council.
  2072 | D:3      | Reached XP level 4. HP: 22/35 MP: 3/7
  2078 | D:3      | HP: 1/35 [orc/+0 dagger (3)]
  2305 | D:3      | Learned a level 3 spell: Spider Form
  2410 | D:3      | Became a worshipper of the Wu Jian Council
  2453 | D:3      | Reached XP level 5. HP: 31/40 MP: 6/8
  2471 | D:3      | Learned a level 3 spell: Ozocubu's Armour
  3000 | D:4      | Found a sand-covered staircase.
  3010 | Ossuary  | Entered an ossuary
  3099 | Ossuary  | Reached * piety under Wu Jian
  3218 | Ossuary  | Reached XP level 6. HP: 47/47 MP: 8/10
  3288 | Ossuary  | Reached skill level 1 in Stealth
  3288 | Ossuary  | Reached skill level 5 in Unarmed Combat
  3333 | D:4      | Reached ** piety under Wu Jian
  3442 | D:4      | Identified the +8 hand axe "Muuddoy" {heavy, Dex+5}
  3869 | D:4      | Reached skill level 1 in Shields
  4101 | D:5      | Entered Level 5 of the Dungeon
  4162 | D:5      | Your scales start taking on a fiery red colour.
  4162 | D:5      | Reached XP level 7. HP: 17/52 MP: 8/11
  4162 | D:5      | Gained mutation: Your flesh is heat resistant. (rF+) [Red
                  | Draconian growth]
  4382 | D:5      | Found Pygum's Assorted Antiques.
  4736 | D:5      | Found Impasm's Weapon Shop.
  5421 | D:6      | Learned a level 5 spell: Blade Hands
  5507 | D:7      | Reached skill level 6 in Unarmed Combat
  5507 | D:7      | Reached XP level 8. HP: 53/61 MP: 12/14
  5811 | D:7      | Found a staircase to the Ecumenical Temple.
  5956 | D:8      | Reached skill level 7 in Unarmed Combat
  5956 | D:8      | Reached skill level 5 in Transmutations
  6072 | D:8      | Reached *** piety under Wu Jian
  6078 | D:8      | Reached skill level 5 in Spellcasting
  6251 | D:8      | Reached XP level 9. HP: 56/68 MP: 16/16
  6261 | D:8      | HP: 3/68 [killer bee (2)]
  6268 | D:8      | HP: 2/68 [poisoned by a killer bee]
  6268 | D:8      | Slain by a killer bee

Illustrated notes

Levels and vault maps discovered:
D:1:      kennysheep_arrival_seaside, layout_loops_ring,
          hangedman_decor_clover_reticule, hex_large
D:2:      layout_loops_cross
D:3:      layout_rooms, nicolae_wu_jian_wuxing_cycle
D:4:      layout_basic, nicolae_ossuary_entry_monument, kennysheep_windowed_goal
D:5:      layout_loops_ring, serial_shops, nicolae_shop_statue_plus, shop_coins
D:6:      layout_rooms
D:7:      layout_gridville, minmay_temple_entry_sparse_star
D:8:      layout_cave_pools, mrwooster_statue_mirror, uniq_pikel, uniq_psyche,
          uniq_grum
D:9:      layout_layer_cave

Skill      XL: |  1  2  3  4  5  6  7  8 |
---------------+-------------------------+-----
Unarmed Combat | 4 5 6 7 |  7.7
Dodging        | 2 3 |  3.8
Transmutations | 3 4 5 |  5.4
Spellcasting   | 3 4 5 |  5.2
Stealth        | 1 2 |  2.4
Shields        | 1 2 |  2.1
Fighting       | 2 |  2.5

Action                   |  1- 3 |  4- 6 |  7- 9 || total
-------------------------+-------+-------+-------++-------
Melee: Unarmed           |   106 |   210 |   164 ||   480
       Kick              |    18 |    49 |    34 ||   101
       Headbutt          |    12 |    28 |    27 ||    67
       Tailslap          |     6 |    19 |    22 ||    47
 Cast: Beastly Appendage |    28 |    33 |    20 ||    81
       Wereblood         |     1 |     4 |     8 ||    13
       Spider Form       |       |       |     2 ||     2
Invok: Lunge             |       |    14 |    10 ||    24
       Whirlwind         |       |    15 |     6 ||    21
  Use: Scroll            |       |       |     8 ||     8
       Potion            |       |       |     7 ||     7
 Stab: Sleeping          |       |     3 |     1 ||     4
Armor: Skin              |    47 |    61 |    82 ||   190
Dodge: Dodged            |    89 |   107 |   166 ||   362
Block: Buckler           |    22 |    29 |    35 ||    86

Table legend: (Time is in decaauts)
 A = Elapsed time spent in this place.
 B = Non-inter-level travel time spent in this place.
 C = Inter-level travel time spent in this place.
 D = Time resting spent in this place.
 E = Time spent auto-exploring this place.
 F = Levels seen in this place.
 G = Mean time per level.
                   A        B        C        D        E       F      G
               +--------+--------+--------+--------+--------+-----+--------+
         Total |   6258 |   6010 |    248 |   1052 |   2830 |  10 |  625.8 |
       Dungeon |   5970 |   5722 |    248 |   1033 |   2830 |   9 |  663.3 |
       Ossuary |    288 |    288 |      0 |     19 |      0 |   1 |  288.0 |
               +--------+--------+--------+--------+--------+-----+--------+

Top non-repeatable levels by time:
     D:5: 1055 daAuts
     D:3: 994 daAuts
     D:2: 988 daAuts
     D:1: 947 daAuts
     D:4: 894 daAuts
     D:6: 507 daAuts
     D:8: 310 daAuts
 Ossuary: 288 daAuts
     D:7: 259 daAuts
     D:9: 13 daAuts
